 Dungeon Crawl Stone Soup version 0.31-a0-968-g24f9ace8b5 (webtiles) character file.

Game seed: 16561673608078627898

206957 Forgeling the Ogre Mage (level 18, -1/173 HPs)
             Began as an Ogre Air Elementalist on Oct 27, 2023.
             Was the Champion of Hepliaklqana.
             Slain by a redback (10 damage)
             ... summoned by a broodmother
             ... on level 4 of the Spider Nest.
             The game lasted 01:58:55 (40169 turns).

Forgeling the Ogre Mage (Ogre Air Elementalist)    Turns: 40169, Time: 01:58:56

Health: -1/173     AC:  5    Str: 17    XL:     18   Next: 73%
Magic:  29/57      EV:  4    Int: 25    God:    Hepliaklqana [******]
Gold:   4416       SH:  0    Dex:  5    Spells: 23/52 levels left

rFire   + . .        a - staff of air
rCold   . . .        l - +2 kite shield of Tender Moments {Fly rCorr MP+9 Dex-4}
rNeg    . . .        q - +0 troll leather armour
rPois   +            (helmet restricted)
rElec   +            z - +0 cloak of Indomitability {Regen+ Int+3 Dex+5}
rCorr   +            (gloves unavailable)
SInv    +            (boots unavailable)
Will    +++..        x - amulet of magic regeneration
Stlth   +            p - ring of see invisible
HPRegen 2.08/turn    b - ring of Itaerch {rPois rF+ Will++ MP+9 Dex-5}
MPRegen 0.75/turn

%: no passive effects
@: lethally poisoned (-1 -> -14), forested, flying, very slightly contaminated,
held, slowed, very slow
A: reduced essence, large, unfitting armour, tough skin 1
}: 1/15 runes: decaying
a: Renounce Religion, Recall Ancestor, Ancestor Identity, Transference, Idealise


You were on level 4 of the Spider Nest.
You worshipped Hepliaklqana.
Hepliaklqana was exalted by your worship.
You visited 6 branches of the dungeon, and saw 31 of its levels.
You also visited: Bailey, Gauntlet and Ice Cave.

You collected 4810 gold pieces.
You spent 394 gold pieces at shops.

Inventory:

Missiles
 j - 6 silver javelins
 m - 10 curare-tipped darts
 u - 7 throwing nets
 w - 7 javelins
 L - 19 large rocks
Armour
 l - the +2 kite shield of Tender Moments (worn) {Fly rCorr MP+9 Dex-4}
   (You acquired it on level 2 of the Swamp)

   Dex-4:     It affects your dexterity (-4).
   MP+9:      It affects your magic capacity (+9).
   Fly:       It grants you flight.
   rCorr:     It protects you from acid and corrosion.
 q - a +0 troll leather armour (worn)
 z - the +0 cloak of Indomitability (worn) {Regen+ Int+3 Dex+5}
   (You found it in a bailey)

   Int+3:     It affects your intelligence (+3).
   Dex+5:     It affects your dexterity (+5).
   Regen+:    It increases your rate of health regeneration.
Magical Staves
 a - a staff of air (weapon)
Jewellery
 b - the ring of Itaerch (right hand) {rPois rF+ Will++ MP+9 Dex-5}
   (You found it in a Gauntlet)

   [ring of magical power]

   Dex-5:     It affects your dexterity (-5).
   rF+:       It protects you from fire.
   rPois:     It protects you from poison Will++: It greatly increases your
   willpower.
   MP+9:      It affects your magic capacity (+9).
 n - the ring "Yruuq" {rN+ Str+3 Int+4 Slay-4 Stlth+}
   (You found it in a Gauntlet)

   [ring of positive energy]

   Str+3:     It affects your strength (+3).
   Int+4:     It affects your intelligence (+4).
   Slay-4:    It affects your accuracy & damage with ranged weapons and melee
   (-4).
   rN+:       It protects you from negative energy.
   Stlth+:    It makes you more stealthy.
 p - a ring of see invisible (left hand)
 x - an amulet of magic regeneration (around neck)
 y - a ring of magical power
Talismans
 W - a granite talisman
Wands
 d - a wand of digging (10)
 e - a wand of charming (24)
 h - a wand of acid (4)
 i - a wand of roots (35)
Scrolls
 g - 4 scrolls of amnesia
 k - 5 scrolls of enchant armour
 D - 3 scrolls of blinking
 E - 6 scrolls of fear
 F - 4 scrolls of fog
 K - 4 scrolls of immolation
 O - 3 scrolls of silence
 P - 2 scrolls of poison
 S - 2 scrolls of summoning
 V - 3 scrolls of vulnerability
 X - 3 scrolls of revelation {@r4}
 Y - 16 scrolls of teleportation {@r3}
 Z - 9 scrolls of identify {@r1}
Potions
 o - 3 potions of enlightenment
 A - 3 potions of attraction
 B - 4 potions of brilliance
 C - 5 potions of cancellation
 G - 3 potions of ambrosia
 H - 6 potions of haste
 I - a potion of invisibility
 J - 9 potions of curing {@q1}
 M - 4 potions of might
 N - 11 potions of heal wounds {@q2}
 Q - 4 potions of magic
 R - 3 potions of resistance
 T - 5 potions of berserk rage
 U - 6 potions of mutation
Miscellaneous
 f - a sack of spiders
 r - a phial of floods
 s - a tin of tremorstones (2/2)
 v - a lightning rod (4/4)


   Skills:
 + Level 15.0 Fighting
 - Level 10.0 Staves
 - Level 1.7 Dodging
 - Level 1.4 Stealth
 - Level 8.1 Shields
 + Level 17.5 Spellcasting
 - Level 0.8 Conjurations
 - Level 12.0 Summonings
 - Level 13.0 Translocations
 - Level 12.5 Air Magic
 - Level 8.0 Invocations
 - Level 4.0 Evocations


You had 23 spell levels left.
You knew the following spells:

 Your Spells              Type           Power      Damage    Failure   Level
a - Shock                 Conj/Air       100%       1d9       1%          1
b - Summon Cactus Giant   Summ           35%        N/A       7%          6
c - Summon Forest         Summ/Tloc      35%        N/A       1%          5
d - Dispersal             Tloc           36%        N/A       4%          6
r - Swiftness             Air            91%        N/A       1%          3
s - Airstrike             Air            45%        2d(7-23)  1%          4
v - Static Discharge      Conj/Air       100%       3-8/arc   1%          2
B - Blink                 Tloc           100%       N/A       1%          2

Your spell library contained the following spells:

 Spells                   Type           Power      Damage    Failure   Level
 Apportation              Tloc           100%       N/A       1%          1
 Summon Small Mammal      Summ           100%       N/A       1%          1
 Call Imp                 Summ           100%       N/A       1%          2
 Lesser Beckoning         Tloc           100%       N/A       1%          2
 Momentum Strike          Conj/Tloc      100%       3d10      1%          2
 Call Canine Familiar     Summ           70%        N/A       1%          3
 Summon Guardian Golem    Hex/Summ       51%        N/A       1%          3
 Manifold Assault         Tloc           72%        N/A       1%          4
 Mephitic Cloud           Conj/Pois/Air  60%        N/A       3%          3
 Magic Dart               Conj           100%       1d8       4%          1
 Animate Armour           Summ/Erth      100%       N/A       5%          4
 Summon Ice Beast         Ice/Summ       51%        N/A       5%          4
 Necrotise                Necr           84%        1d8       6%          1
 Sandblast                Erth           42%        2d11      6%          1
 Slow                     Hex            84%        N/A       6%          1
 Passwall                 Tmut/Erth      17%        N/A       10%         2
 Sublimation of Blood     Necr           21%        N/A       10%         2
 Wereblood                Tmut           21%        N/A       10%         2
 Silence                  Hex/Air        34%        N/A       14%         5
 Dazzling Flash           Conj/Hex       48%        N/A       16%         3
 Hailstorm                Conj/Ice       24%        3d7       16%         3
 Stone Arrow              Conj/Erth      48%        3d10      16%         3
 Summon Mana Viper        Hex/Summ       51%        N/A       16%         5
 Confusing Touch          Hex            21%        N/A       19%         3
 Ozocubu's Armour         Ice            21%        N/A       19%         3
 Sigil of Binding         Hex            21%        N/A       19%         3
 Vampiric Draining        Necr           21%        2d7       19%         3
 Brom's Barrelling Bould  Conj/Erth      24%        2d5       47%         4
 Animate Dead             Necr           21%        N/A       54%         4
 Petrify                  Tmut/Erth      21%        N/A       54%         4
 Iskenderun's Battlesphe  Conj           26%        2d8       77%         5
 Irradiate                Conj/Tmut      12%        3d15      83%         5
 Agony                    Necr           21%        N/A       87%         5
 Metabolic Englaciation   Hex/Ice        10%        N/A       87%         5
 Disjunction              Tloc           36%        N/A       90%         8
 Spellforged Servitor     Conj/Summ      26%        N/A       98%         7
 Haunt                    Necr/Summ      25%        N/A       99%         7
 Bombard                  Conj/Erth      12%        9d3       100%        6
 Simulacrum               Ice/Necr       10%        N/A       100%        6
 Infestation              Necr           10%        N/A       100%        8
 Lehudib's Crystal Spear  Conj/Erth      12%        10d4      100%        8


Dungeon Overview and Level Annotations

Branches:
Dungeon (15/15)            Temple (1/1) D:4            Lair (5/5) D:9
  Swamp (4/4) Lair:2       Spider (4/4) Lair:3        Slime (0/5) Lair:5
    Orc (2/2) D:11            Elf (0/3) Orc:2        Vaults (0/5) D:13
 Depths (0/4) D:15         Bailey (visited)           IceCv (visited)
Gauntlet (visited)

Altars:
Ashenzari
Cheibriados
Dithmenos
Elyvilon
Fedhas
Gozag
Hepliaklqana
Kikubaaqudgha
Makhleb
Nemelex Xobeh
Okawaru
Qazlal
Ru
Sif Muna
Trog
Uskayaw
Vehumet
Wu Jian
Xom
Yredelemnul
Zin
The Shining One
Jiyva

Shops:
D:3 *   D:4 =   D:11 ?   Orc:1 [   Orc:2 !?*!(

Annotations:
D:14 Roxanne


Innate Abilities, Weirdness & Mutations

Your life essence is reduced to manifest your ancestor. (-10% HP)
You are too large for most types of armour.
You have tough skin. (AC +1)


Message History

You feel better. The culicivora bites you.
The culicivora draws strength from your injuries!
The jumping spider pounces on you!
You are even more entangled.
The redback bites you.
Casting: Airstrike (safe; 1% risk of failure)
Confirm with . or Enter, or press ? or * to list all spells.
The redback bites you. The tarantella touches you!
You are confused.
The culicivora bites you.
* * * LOW HITPOINT WARNING * * *
The culicivora draws strength from your injuries!
The broodmother summons a spider!
The jumping spider pounces on you!
* * * LOW HITPOINT WARNING * * *
You are even more entangled.
The jumping spider bites you.
* * * LOW HITPOINT WARNING * * *
The tarantella touches you!
* * * LOW HITPOINT WARNING * * *
A torpor snail comes into view.
Being near the torpor snail leaves you feeling lethargic.
The culicivora bites you!!
* * * LOW HITPOINT WARNING * * *
The culicivora draws strength from your injuries!
The jumping spider bites you.
* * * LOW HITPOINT WARNING * * *
You feel better. The redback bites you.
* * * LOW HITPOINT WARNING * * *
You are poisoned.
The redback poisons you! The redback bites you.
* * * LOW HITPOINT WARNING * * *
The tarantella touches you.
* * * LOW HITPOINT WARNING * * *
The jumping spider pounces on you.
* * * LOW HITPOINT WARNING * * *
The jumping spider bites you.
* * * LOW HITPOINT WARNING * * *
The culicivora bites you!!
* * * LOW HITPOINT WARNING * * *
The culicivora draws strength from your injuries!
The redback bites you!
You die...

#..^.### ####.^.. #....^"#♣##♣
##... ##........^.♣#### #...
##.......^≈≈^..~.#####^..
##^.....♣...≈≈~~...^..~...
#...^..^...~≈~♣..........#
♣###♣♣##.^..^.............
♣♣######~...^^.ss♣♣♣##....^......
♣.......)ws...ss@..♣.#######..<##
s~....#.....s.Rss......^~^^....#.
s...ss..^.††..^..C...............
.≈....#............[......^...[..
≈≈..........^....^....^........##
≈...^..##♣♣####^.~..^..^.^.......
^~^^^####..~..^..♣♣#########....^
..≈##♣ ##......~~.^...^^.^.^^.#.
♣♣♣ ##...............^.^..#.


You could see the friendly Æthelred the knight (slow), a broodmother, a torpor
snail (distracted), a culicivora (ally target), 3 jumping spiders, a tarantella,
2 redbacks and a friendly cactus giant (summoned).

Vanquished Creatures
  Frances (Swamp:2)
  Kirke (D:13)
  A thorn hunter (Swamp:4)
  Donald (Swamp:2)
  An emperor scorpion (Spider:4)
  Louise (Swamp:1)
  2 ghost moths
  A frost giant (D:15)
  A broodmother (Spider:3)
  A quicksilver ooze (Gauntlet)
  The ghost of strifetoe the Basher, a journeyman AtBe of Trog (Lair:2)
  An eleionoma (Swamp:4)
  A minotaur (Gauntlet)
  2 shambling mangroves (Swamp:4)
  2 entropy weavers
  The ghost of Gadrel the Thaumaturge, a journeyman NaFE of Gozag (D:9)
  13 hydras
  2 radroaches
  7 alligators
  The ghost of BLEEG the Summoner, a journeyman TeSu of Ashenzari (Spider:1)
  A jorogumo (Spider:4)
  3 centaur warriors
  A catoblepas (Lair:3)
  4 boulder beetles
  2 tengu warriors (D:15)
  2 two-headed ogres
  3 demonic crawlers
  11 death yaks
  Urug (Lair:5)
  An orc high priest (Orc:2)
  Sonja (Lair:5)
  Amaemon (Lair:3)
  5 pharaoh ants
  Lodul (D:12)
  2 goliath frogs
  3 skysharks
  6 orb spiders
  4 spriggan druids
  An obsidian statue (D:14)
  10 bog bodies
  5 swamp dragons (Swamp:4)
  4 wolf spider zombies (Spider:4)
  2 orc knights
  6 steelbarb worms
  A deep elf pyromancer (D:15)
  14 wolf spiders
  6 orc sorcerers
  4 ugly things
  2 moths of wrath
  2 cyclopes
  A manticore (D:14)
  6 oklob plants
  A guardian serpent (shapeshifter) (D:15)
  A rust devil (D:10)
  5 elephants
  3 black mambas
  19 cane toads
  A smoke demon (D:10)
  3 torpor snails
  An orange demon (Lair:3)
  A rime drake (Lair:1)
  2 gargoyles
  2 tengu conjurers
  2 unseen horrors
  2 efreet
  6 kobold demonologists
  2 ice devils (D:11)
  12 komodo dragons
  9 trolls
  An anaconda simulacrum (IceCv)
  A red devil (D:10)
  3 meliai (Spider:4)
  A hellwing (D:10)
  3 wolf spider simulacra (Spider:4)
  9 tyrant leeches
  A bloated husk (Swamp:2)
  A hornet (shapeshifter) (D:15)
  7 hornets
  15 tarantellas
  25 blink frogs (Lair:5)
  19 jumping spiders
  A slime creature (D:15)
  7 spriggans
  14 culicivoras
  2 water elementals (D:15)
  4 wyverns
  43 yaks
  10 humans (D:13)
  2 chaos spawn (Gauntlet)
  A basilisk (shapeshifter) (D:13)
  A neqoxec (Gauntlet)
  A wraith (Lair:5)
  10 vampire mosquitoes
  23 redbacks
  5 steam dragons
  6 basilisks
  A death yak simulacrum (IceCv)
  8 swamp worms
  An acid dragon (D:14)
  5 wargs
  Duvessa (D:5)
  10 water moccasins
  2 swamp drakes (Swamp:4)
  A meliai simulacrum (Gauntlet)
  A sky beast (D:6)
  12 orc warriors
  3 black bears
  4 ice beasts
  11 ogres
  16 wolves
  8 centaurs
  A phantom (D:6)
  9 kobold brigands
  10 bullfrogs
  9 gnoll sergeants
  3 scorpions
  7 wights (D:8)
  Dowan (D:5)
  22 killer bees
  7 electric eels
  A crimson imp (D:14)
  2 jellies
  24 orc priests
  Crazy Yiuf (D:4)
  5 gnoll boudas (Bailey)
  7 hounds
  Natasha (thrice) (D:3)
  27 orc wizards
  3 iguanas
  A wolf simulacrum (IceCv)
  11 gnolls
  10 adders
  3 shadow imps
  4 white imps
  A howler monkey simulacrum (D:9)
  An ufetubus (D:14)
  3 dart slugs
  53 orcs
  9 endoplasms
  7 giant cockroaches
  17 goblins
  9 hobgoblins
  11 quokkas
  6 ball pythons
  7 bats
  4 frilled lizards
  28 kobolds
  4 rats
  A spectral goblin (D:12)
862 creatures vanquished.

Vanquished Creatures (collateral kills)
  A thorn hunter (Swamp:4)
  An emperor scorpion (Spider:4)
  An orc warlord (Orc:1)
  2 broodmothers (Spider:3)
  An eleionoma (Swamp:2)
  2 spark wasps
  3 bunyips
  An entropy weaver (Spider:3)
  Josephine (Lair:5)
  6 hydras
  Erolcha (D:12)
  A radroach (Spider:3)
  7 alligators
  A centaur warrior (D:14)
  A boulder beetle (D:11)
  4 death yaks
  2 tengu warriors (D:15)
  A spriggan berserker (Swamp:4)
  2 spriggans
  4 pharaoh ants
  A skyshark (Lair:5)
  A sun moth (Spider:1)
  A death drake (Swamp:4)
  4 swamp dragons
  A bog body (Lair:2)
  2 spriggan druids
  2 orb spiders
  A spectral wolf spider (Spider:4)
  A steelbarb worm (Spider:4)
  2 wolf spider zombies (Spider:4)
  A deep elf pyromancer (D:15)
  6 wolf spiders
  5 elephants
  A black mamba (Lair:1)
  3 cane toads
  A kobold demonologist (D:12)
  A nameless horror (Spider:4)
  A polar bear (Lair:4)
  2 trolls
  2 wolf spider simulacra (Spider:4)
  2 hornets
  A tyrant leech (Swamp:1)
  6 tarantellas
  3 blink frogs (Lair:5)
  4 jumping spiders
  3 slime creatures (D:15)
  3 wraiths (Lair:5)
  6 culicivoras
  A wyvern (D:8)
  16 yaks
  A water elemental (D:15)
  3 hogs (D:13)
  6 humans (D:13)
  A steam dragon (D:7)
  2 vampire mosquitoes
  2 wargs
  14 redbacks
  4 swamp worms (Swamp:1)
  An acid dragon (D:10)
  3 water moccasins
  A swamp drake (Swamp:4)
  7 orc warriors
  An ogre (D:12)
  2 wolves
  4 centaurs (D:14)
  A kobold brigand (D:14)
  4 bullfrogs
  2 killer bees
  An elephant simulacrum (IceCv)
  A howler monkey (D:9)
  A crimson imp (D:14)
  4 orc priests
  An iguana (D:7)
  8 orc wizards
  2 gnolls (Bailey)
  An ufetubus (D:14)
  18 orcs
  2 kobolds
225 creatures vanquished.

Vanquished Creatures (others)
  An alligator (Swamp:2)
  A bloated husk (Swamp:4)
  A redback (Spider:2)
  14 knights
  An orc wizard (Orc:2)
  6 ancestors
  10 snaplasher vines
34 creatures vanquished.

Grand Total: 1121 creatures vanquished

Notes
Turn   | Place    | Note
-------+----------+-------------------------------------------
     0 | D:1      | Forgeling the Ogre Air Elementalist began the quest for the
                  | Orb.
     0 | D:1      | Reached XP level 1. HP: 16/16 MP: 3/3
   173 | D:1      | Reached XP level 2. HP: 22/24 MP: 0/5
   833 | D:1      | Reached XP level 3. HP: 29/31 MP: 4/6
   920 | D:1      | Learned a level 2 spell: Static Discharge
   924 | D:1      | Learned a level 3 spell: Swiftness
  1192 | D:2      | Identified the +5 short sword of Elekhoimn {flame, rN+
                  | Int+2}
  1270 | D:2      | Reached XP level 4. HP: 39/39 MP: 7/7
  2140 | D:3      | Reached skill level 5 in Air Magic
  2140 | D:3      | Reached XP level 5. HP: 35/45 MP: 1/8
  2456 | D:3      | Found Rafotryu's Assorted Antiques.
  2464 | D:3      | Bought a scroll labelled OBBIPESOSIA for 31 gold pieces
  2464 | D:3      | Bought a scroll labelled QOIMA IMERIFUN for 31 gold pieces
  2598 | D:3      | Noticed Natasha
  2602 | D:3      | Killed Natasha
  2602 | D:3      | Noticed Natasha
  2618 | D:3      | Killed Natasha
  3095 | D:3      | Noticed Natasha
  3101 | D:3      | Killed Natasha
  3361 | D:4      | Reached XP level 6. HP: 51/53 MP: 9/9
  3538 | D:4      | Found Coacaso's Jewellery Shop.
  3680 | D:4      | Found a staircase to the Ecumenical Temple.
  3708 | Temple   | Entered the Ecumenical Temple
  3831 | D:4      | Reached skill level 3 in Spellcasting
  4011 | D:4      | Noticed a steam dragon
  4020 | D:4      | Noticed an orc warrior
  4038 | D:4      | Killed a steam dragon
  4039 | D:4      | Reached skill level 4 in Spellcasting
  4039 | D:4      | Reached XP level 7. HP: 45/59 MP: 4/13
  4579 | D:4      | Found a runed translucent door.
  4580 | D:4      | Noticed Crazy Yiuf
  4746 | D:3      | Learned a level 4 spell: Airstrike
  5032 | D:4      | Reached skill level 5 in Spellcasting
  5162 | D:4      | Killed Crazy Yiuf
  5207 | D:5      | Entered Level 5 of the Dungeon
  5435 | D:5      | Noticed Duvessa
  5435 | D:5      | Noticed Dowan
  5448 | D:5      | Killed Duvessa
  5449 | D:5      | Reached XP level 8. HP: 54/67 MP: 3/15
  5466 | D:5      | Killed Dowan
  5610 | D:5      | Found a stormy altar of Qazlal.
  5611 | D:5      | Found a hide-covered altar of Uskayaw.
  5613 | D:5      | Found a hazy altar of Hepliaklqana.
  5613 | D:5      | Found a glowing golden altar of the Shining One.
  5644 | D:5      | Became a worshipper of Hepliaklqana the Forgotten
  5950 | D:5      | Reached skill level 6 in Spellcasting
  6214 | D:5      | Found a white marble altar of Elyvilon.
  6295 | D:5      | Reached skill level 7 in Spellcasting
  6572 | D:3      | Bought a scroll labelled YNICIURU WOCKOLI for 31 gold
                  | pieces
  6572 | D:3      | Bought a gold wand for 124 gold pieces
  6908 | D:6      | Reached skill level 8 in Spellcasting
  6950 | D:6      | Reached skill level 1 in Fighting
  7000 | D:6      | Reached XP level 9. HP: 80/80 MP: 12/21
  7384 | D:6      | Reached skill level 9 in Spellcasting
  7502 | D:6      | Reached skill level 5 in Fighting
  7869 | D:7      | Reached * piety under Hepliaklqana
  8813 | D:7      | Reached skill level 10 in Spellcasting
  9066 | D:7      | Reached XP level 10. HP: 73/88 MP: 8/24
 10605 | D:8      | Reached skill level 11 in Spellcasting
 11079 | D:9      | Noticed Gadrel's ghost (journeyman NaFE)
 11100 | D:9      | Found a runed translucent gate.
 11100 | D:9      | Found a runed translucent gate.
 11100 | D:9      | Found a runed translucent gate.
 11181 | D:9      | Found a flagged portal.
 11237 | D:9      | Found a staircase to the Lair.
 11401 | Bailey   | Entered a bailey
 11430 | Bailey   | Reached skill level 10 in Air Magic
 11889 | Bailey   | Reached skill level 12 in Spellcasting
 12508 | Bailey   | Identified the +0 cloak of Indomitability {Regen+ Int+3
                  | Dex+5}
 12882 | D:9      | Reached XP level 11. HP: 96/101 MP: 27/27
 13564 | D:10     | Identified the of Coime
 13564 | D:10     | Entered Level 10 of the Dungeon
 13564 | D:10     | Noticed a two-headed ogre
 13568 | D:10     | Killed a two-headed ogre
 13569 | D:10     | Reached skill level 10 in Fighting
 13690 | D:10     | Reached ** piety under Hepliaklqana
 13691 | D:10     | Remembered your ancestor Æthelred as a knight
 13856 | D:10     | Found a radiant altar of Vehumet.
 13856 | D:10     | Found a sacrificial altar of Ru.
 13974 | D:10     | Noticed a soul eater
 14338 | D:10     | Found a faded altar of an unknown god.
 14340 | D:10     | Found a glowing silver altar of Zin.
 14342 | D:10     | Found a faded altar of an unknown god.
 14498 | D:10     | Found a shimmering blue altar of Sif Muna.
 14570 | D:11     | Noticed a cyclops
 14585 | D:11     | Found a staircase to the Orcish Mines.
 14774 | D:11     | Noticed a boulder beetle
 14862 | D:11     | Found a frozen archway.
 14905 | IceCv    | Entered an ice cave
 14905 | IceCv    | Noticed a white ugly thing
 14923 | IceCv    | Found a transporter.
 14944 | IceCv    | Killed a white ugly thing
 14945 | IceCv    | Reached skill level 13 in Spellcasting
 14982 | IceCv    | Found a transporter.
 15181 | D:11     | Reached XP level 12. HP: 55/113 MP: 21/29
 15309 | D:11     | Found Gesyus's Magic Scroll Shop.
 15309 | D:11     | Noticed a boulder beetle
 15378 | D:11     | Killed a boulder beetle
 15474 | D:11     | Bought a scroll of fog for 44 gold pieces
 15474 | D:11     | Bought a scroll of identify for 22 gold pieces
 15474 | D:11     | Bought a scroll of identify for 22 gold pieces
 15474 | D:11     | Bought a scroll of identify for 22 gold pieces
 15474 | D:11     | Bought a scroll of identify for 22 gold pieces
 15474 | D:11     | Bought a scroll of identify for 22 gold pieces
 15880 | D:9      | Killed Gadrel's ghost
 15944 | D:9      | Got the ring "Ofubabe" {Fire rN++ rCorr Str-5 Dex+2}
 15995 | Lair:1   | Entered Level 1 of the Lair of Beasts
 15995 | Lair:1   | Reached *** piety under Hepliaklqana
 16208 | Lair:1   | Reached skill level 14 in Spellcasting
 16277 | Lair:1   | Reached skill level 1 in Invocations
 16965 | Lair:2   | Noticed a death yak
 16965 | Lair:2   | Noticed a death yak
 16965 | Lair:2   | Noticed a death yak
 16965 | Lair:2   | Noticed a death yak
 16965 | Lair:2   | Noticed a death yak
 16965 | Lair:2   | Noticed a death yak
 17068 | Lair:2   | Noticed a death yak
 17068 | Lair:2   | Noticed a death yak
 17068 | Lair:2   | Noticed a death yak
 17072 | Lair:2   | Killed a death yak
 17084 | Lair:1   | Killed a death yak
 17194 | Lair:1   | Killed a death yak
 17272 | Lair:2   | Killed a death yak
 17273 | Lair:2   | Reached XP level 13. HP: 129/129 MP: 25/31
 17429 | Lair:2   | Identified the +11 falchion "Rutigru" {heavy, Fly rC+
                  | Will-}
 17460 | Lair:2   | Reached **** piety under Hepliaklqana
 17742 | Lair:2   | Found a runed translucent door.
 17743 | Lair:2   | Noticed strifetoe's ghost (journeyman AtBe)
 17961 | Lair:2   | Reached skill level 1 in Shields
 18066 | Lair:2   | Found a staircase to the Swamp.
 18177 | Gauntlet | Identified the "Onuusi"
 18177 | Lair:3   | Noticed Amaemon
 18250 | Lair:3   | Found a hole to the Spider Nest.
 18376 | Lair:3   | Found a gate leading to a gauntlet.
 18393 | Gauntlet | Entered a Gauntlet
 18393 | Gauntlet | Found a transporter.
 18393 | Gauntlet | Found a transporter.
 18397 | Gauntlet | Found a transporter.
 18397 | Gauntlet | Found a transporter.
 18408 | Gauntlet | Found a transporter.
 18415 | Gauntlet | Found a transporter.
 18421 | Gauntlet | Found a large runed translucent door.
 18422 | Gauntlet | Found a large runed translucent door.
 18424 | Gauntlet | Found a runed translucent gate.
 18425 | Gauntlet | Found a transporter.
 18425 | Gauntlet | Found a transporter.
 18428 | Gauntlet | Found a transporter.
 18432 | Gauntlet | Found a runed translucent gate.
 18432 | Gauntlet | Found a runed translucent gate.
 18434 | Gauntlet | Found a large runed translucent door.
 18435 | Gauntlet | Found a large runed translucent door.
 18444 | Gauntlet | Noticed a quicksilver ooze
 18447 | Gauntlet | Found a large runed translucent door.
 18447 | Gauntlet | Found a large runed translucent door.
 18448 | Gauntlet | Found a large runed translucent door.
 18448 | Gauntlet | Found a large runed translucent door.
 18455 | Gauntlet | Found a transporter.
 18458 | Gauntlet | Found a large runed translucent door.
 18458 | Gauntlet | Found a large runed translucent door.
 18458 | Gauntlet | Found a runed translucent door.
 18458 | Gauntlet | Found a runed translucent door.
 18459 | Gauntlet | Found a large runed translucent door.
 18460 | Gauntlet | Found a large runed translucent door.
 18462 | Gauntlet | Found a transporter.
 18480 | Gauntlet | Found a transporter.
 18525 | Gauntlet | Found a transporter.
 18541 | Gauntlet | Found a transporter.
 18557 | Gauntlet | Found a large runed translucent door.
 18557 | Gauntlet | Found a large runed translucent door.
 18558 | Gauntlet | Found a large runed translucent door.
 18559 | Gauntlet | Found a large runed translucent door.
 18644 | Gauntlet | Found a transporter.
 18666 | Gauntlet | Found a transporter.
 18855 | Gauntlet | Identified the ring "Yruuq" {rN+ Str+3 Int+4 Slay-4 Stlth+}
 18936 | Gauntlet | Killed a quicksilver ooze
 18937 | Gauntlet | Reached skill level 5 in Shields
 18952 | Gauntlet | Identified the ring of Itaerch {rPois rF+ Will++ MP+9
                  | Dex-5}
 18983 | Gauntlet | Noticed a minotaur
 18996 | Gauntlet | Killed a minotaur
 19273 | Lair:3   | Reached ***** piety under Hepliaklqana
 19279 | Lair:3   | Killed Amaemon
 20371 | Lair:4   | Reached skill level 5 in Invocations
 20779 | Lair:4   | Reached XP level 14. HP: 103/140 MP: 31/32
 20803 | Lair:4   | Reached skill level 1 in Staves
 20999 | Lair:4   | HP: 1/140 [death yak (21)]
 21465 | Lair:4   | Reached skill level 5 in Staves
 21860 | Lair:5   | Entered Level 5 of the Lair of Beasts
 21907 | Lair:5   | Learned a level 6 spell: Summon Cactus Giant
 21969 | Lair:5   | Reached skill level 1 in Summonings
 22424 | Lair:5   | Reached skill level 5 in Summonings
 22851 | Lair:5   | Noticed Urug
 22865 | Lair:5   | Killed Urug
 23207 | Lair:5   | Reached XP level 15. HP: 146/146 MP: 28/33
 23397 | Lair:5   | Found a staircase to the Slime Pits.
 23398 | Lair:5   | Found a viscous altar of Jiyva.
 23399 | Lair:5   | Noticed Sonja
 23402 | Lair:5   | Noticed Josephine
 23407 | Lair:5   | Killed Sonja
 23411 | Lair:5   | Killed Josephine
 23465 | Lair:5   | Identified the maw talisman of Ohaiciw {Str+5}
 24353 | Lair:2   | Killed strifetoe's ghost
 24748 | D:12     | Noticed Erolcha
 24752 | D:12     | Killed Erolcha
 24753 | D:12     | Reached skill level 10 in Summonings
 24882 | D:12     | Noticed Lodul
 24887 | D:12     | Killed Lodul
 25402 | D:12     | Found a hazy altar of Hepliaklqana.
 25609 | D:13     | Reached ****** piety under Hepliaklqana
 26010 | D:13     | Noticed Nessos
 26015 | D:13     | Nessos changed into Nessos the troll
 26015 | D:13     | Noticed Nessos
 26058 | D:13     | Killed Nessos the troll
 26230 | D:13     | Noticed Kirke
 26235 | D:13     | Killed Kirke
 26323 | D:13     | Found a gate to the Vaults.
 27070 | D:14     | Noticed Roxanne
 27622 | D:15     | Entered Level 15 of the Dungeon
 28137 | D:15     | Reached XP level 16. HP: 154/154 MP: 34/34
 28738 | D:15     | Found a staircase to the Depths.
 28925 | Orc:1    | Entered Level 1 of the Orcish Mines
 29097 | Orc:1    | Found Qaijats's Armour Shoppe.
 29366 | Orc:2    | Entered Level 2 of the Orcish Mines
 29825 | Orc:2    | Found Gyemoadgh's Weapon Emporium.
 30026 | Orc:2    | Found a staircase to the Elven Halls.
 30175 | Orc:2    | Found Byxoh's Distillery.
 30176 | Orc:2    | Found Waotimed's Assorted Antiques.
 30177 | Orc:2    | Found Bulissuz's Distillery.
 30181 | Orc:2    | Found Lorchomno's Magic Scroll Shop.
 30185 | Orc:2    | Bought a scroll labelled KACKIDD USHEFY for 23 gold pieces
 30229 | Orc:2    | Reached skill level 10 in Staves
 30594 | Orc:2    | Learned a level 5 spell: Summon Forest
 30597 | Orc:2    | Learned a level 2 spell: Blink
 30736 | Lair:1   | Reached skill level 1 in Translocations
 30849 | Swamp:1  | Entered Level 1 of the Swamp
 30850 | Swamp:1  | Upgraded the game from 0.31-a0-965-g8a8ce12e04 to
                  | 0.31-a0-968-g24f9ace8b5
 30898 | Swamp:1  | Noticed Louise
 30908 | Swamp:1  | Killed Louise
 31527 | Swamp:2  | Reached skill level 5 in Translocations
 31573 | Swamp:2  | Noticed Donald
 31578 | Swamp:2  | Killed Donald
 31637 | Swamp:2  | Noticed Frances
 31644 | Swamp:2  | Killed Frances
 31769 | Swamp:2  | Identified the scarf "Yrid" {shadows, rPois rC- Regen+
                  | Int+2}
 32050 | Swamp:2  | Identified a scroll of acquirement
 32072 | Swamp:2  | Acquired the +2 kite shield of Tender Moments {Fly rCorr
                  | MP+9 Dex-4}
 32580 | Swamp:3  | Learned a level 6 spell: Dispersal
 33025 | Swamp:4  | Entered Level 4 of the Swamp
 33111 | Swamp:4  | Reached XP level 17. HP: 94/162 MP: 16/35
 33763 | Swamp:4  | Reached skill level 15 in Spellcasting
 34387 | Swamp:4  | Reached skill level 10 in Translocations
 34454 | Swamp:4  | Got a decaying rune of Zot
 34746 | Spider:1 | Entered Level 1 of the Spider Nest
 35147 | Spider:1 | Reached skill level 16 in Spellcasting
 35503 | Spider:1 | Found a runed translucent gate.
 35503 | Spider:1 | Found a runed translucent gate.
 35503 | Spider:1 | Found a runed translucent gate.
 35503 | Spider:1 | Noticed BLEEG's ghost (journeyman TeSu)
 35940 | Spider:1 | Killed BLEEG's ghost
 36160 | Spider:1 | Acquired 785 gold pieces
 36413 | Spider:2 | You are sucked into a shaft and drop 1 floor!
 36520 | Spider:2 | Identified the +0 flail of Ravage {antimagic, rF+ rCorr
                  | Dex-5}
 36964 | Spider:3 | Reached XP level 18. HP: 170/170 MP: 26/38
 37407 | Spider:3 | Reached skill level 17 in Spellcasting
 37923 | Spider:3 | Identified the +1 helmet "Jokkigoe" {*Slow rCorr Str+4}
 38355 | Spider:4 | Entered Level 4 of the Spider Nest
 40138 | Spider:4 | Reached skill level 15 in Fighting
 40169 | Spider:4 | Slain by a redback

Illustrated notes

Levels and vault maps discovered:
D:1:      minmay_arrival_stair_chambers, layout_loops_cross
D:2:      layout_basic, nicolae_kite_square_tiling_tiny,
          small_statue_intersection
D:3:      layout_basic, serial_shops, shop, grunt_decor_mini_mirrors,
          uniq_natasha
D:4:      minmay_polygon_palace, layout_loops_corners,
          minmay_temple_entry_wispy, serial_shops, shop, minmay_divided_ellipse,
          uniq_crazy_yiuf_cottage
D:5:      dreamdust_elfheim, layout_basic, mainiacjoe_overflow_alcove_3,
          nicolae_elyvilon_temple_path, eino_tiny_chamber
D:6:      layout_cave_pools, nrook_mini_vaults
D:7:      kennysheep_steamy, layout_basic, chequers_garden
D:8:      layout_loops_ring
D:9:      layout_roguey, lair_entry_dummy, gammafunk_ghost_icy, enter_bailey_8
D:10:     layout_rooms, chequers_temple_overflow_minitemple, tgw_sif,
          nicolae_where_there's_smoke
D:11:     layout_loops_ring, orc_0_dummy, portal_ice_cave_demonic_guard,
          serial_shops, nicolae_diamond_shop
D:12:     layout_cross, grunt_ogre_cave, amcnicky_mini_rare_corridor_liquid,
          minmay_misc_feat_alley, nicolae_hepliaklqana_monster_ancestors,
          uniq_erolcha, uniq_lodul
D:13:     layout_loops_ring, david_vaults_3, uniq_nessos, uniq_kirke
D:14:     kennysheep_kobold_grotto, layout_rooms, uniq_roxanne
D:15:     grunt_enter_depths_snipers, layout_basic, corexii_checkpoint_a,
          nicolae_titane
Temple:   nicolae_temple_ecumenical_triangle
Lair:1:   layout_roguey
Lair:2:   layout_loops_ring, nicolae_swamp_entry_splash_gauntlet,
          ebering_ghost_inner_flame
Lair:3:   layout_cave_pods, dummy_spider_entry, gauntlet_entry_generic,
          beast_lair_carwin_1, serial_bayou_shore_b, uniq_amaemon
Lair:4:   layout_loops_ring, dpeg_oklob_1, infiniplex_staircase_pool,
          grunt_megastairs_1
Lair:5:   minmay_lair_end_frog_pond, layout_layer_cave, slime_entry_1,
          grunt_forest_small_clearing_treed, uniq_urug, uniq_josephine,
          uniq_sonja
Swamp:1:  layout_basic_swamp, evilmike_swamp_ruin_house_2, swamp_pool4,
          nicolae_swamp_stuck_in_the_mud, uniq_louise
Swamp:2:  layout_basic_swamp, nicolae_swamp_small_spring, uniq_donald,
          uniq_frances
Swamp:3:  layout_basic_swamp, nicolae_swamp_ascending_descending, swamp_pool2
Swamp:4:  swamp_basic_johnstein, layout_basic_swamp, swamp_pool1,
          nicolae_swamp_tree_designs
Spider:1: layout_spider_delve, ebering_ghost_rock_garden,
          hangedman_spider_tarantella_strand
Spider:2: layout_spider_delve
Spider:3: layout_cave_pods
Spider:4: grunt_spider_rune_parallel, nicolae_spider_undead_wolf_pack
Orc:1:    layout_caves, serial_shops, shop
Orc:2:    st_orc_mages, layout_diamond_mine, basic_altar, serial_shops,
          nicolae_shop_tiny_glass

Skill      XL: |  1  2  3  4  5  6  7  8  9 10 11 12 13 14 15 16 17 18 |
---------------+-------------------------------------------------------+-----
Air Magic      | 3 4 5 6 7 8 9 10 11 12 | 12.5
Spellcasting   | 4 5 8 10 12 13 14 16 17 | 17.5
Fighting       | 2 6 8 10 13 14 15 | 15.0
Evocations     | 4 |  4.0
Invocations    | 4 7 8 |  8.0
Shields        | 8 |  8.1
Staves         | 6 7 10 | 10.0
Summonings     | 8 12 | 12.0
Translocations | 8 11 13 | 13.0
Dodging        | |  1.7
Stealth        | |  1.4
Conjurations   | |  0.8

Action                     |  1- 3 |  4- 6 |  7- 9 | 10-12 | 13-15 | 16-18 || total
---------------------------+-------+-------+-------+-------+-------+-------++-------
  Melee: Unarmed           |    21 |       |       |       |       |       ||    21
         Dagger            |    71 |       |       |       |       |       ||    71
         Short sword       |     8 |    76 |   142 |   144 |    13 |       ||   383
         Punch             |       |       |       |     3 |       |       ||     3
         Staff             |       |       |       |       |   166 |   231 ||   397
   Cast: Shock             |    32 |    25 |    11 |    34 |       |       ||   102
         Static Discharge  |       |    16 |    39 |    89 |    28 |       ||   172
         Airstrike         |       |       |    49 |   234 |   699 |   784 ||  1766
         Swiftness         |       |       |       |       |     5 |       ||     5
         Summon Forest     |       |       |       |       |       |    35 ||    35
         Summon Cactus Gia |       |       |       |       |       |    21 ||    21
         Dispersal         |       |       |       |       |       |     7 ||     7
 Invoke: Ancestor Life: Kn |       |       |       |     1 |       |       ||     1
         Recall Ancestor   |       |       |       |     4 |     2 |       ||     6
  Evoke: Wand              |       |     1 |     3 |    10 |     5 |     1 ||    20
         Sack of spiders   |       |       |       |     1 |     1 |       ||     2
         Lightning rod     |       |       |       |       |     2 |     4 ||     6
         Tin of tremorston |       |       |       |       |       |     2 ||     2
    Use: Scroll            |     2 |     4 |     1 |    13 |     8 |     3 ||    31
         Potion            |       |       |       |       |     2 |     4 ||     6
   Stab: Sleeping          |     3 |     2 |     5 |     1 |       |       ||    11
         Distracted        |       |     1 |       |       |     3 |     1 ||     5
 Armour: Robe              |    97 |    80 |     5 |       |       |       ||   182
         Steam dragon scal |       |       |   185 |   174 |       |       ||   359
         Troll leather arm |       |       |       |   193 |   381 |   433 ||  1007
  Dodge: Dodged            |    72 |    37 |    72 |   115 |   103 |   123 ||   522
  Block: Kite shield       |       |       |       |    47 |   179 |   194 ||   420

Table legend: (Time is in decaauts)
 A = Elapsed time spent in this place.
 B = Non-inter-level travel time spent in this place.
 C = Inter-level travel time spent in this place.
 D = Time resting spent in this place.
 E = Time spent auto-exploring this place.
 F = Levels seen in this place.
 G = Mean time per level.
                   A        B        C        D        E       F      G
               +--------+--------+--------+--------+--------+-----+--------+
         Total |  40161 |  37806 |   2355 |    668 |  28681 |  34 | 1181.2 |
       Dungeon |  19216 |  18314 |    902 |    311 |  14270 |  15 | 1281.1 |
        Temple |     33 |      0 |     33 |      0 |      0 |   1 |   33.0 |
          Lair |   8143 |   7499 |    644 |    198 |   5386 |   5 | 1628.6 |
         Swamp |   3806 |   3504 |    302 |      0 |   2786 |   4 |  951.5 |
   Spider Nest |   5422 |   5010 |    412 |     84 |   3818 |   4 | 1355.5 |
  Orcish Mines |   1614 |   1553 |     61 |      0 |   1179 |   2 |  807.0 |
        Bailey |   1224 |   1224 |      0 |      0 |    940 |   1 | 1224.0 |
      Ice Cave |     95 |     95 |      0 |      3 |     33 |   1 |   95.0 |
      Gauntlet |    604 |    604 |      0 |     72 |    269 |   1 |  604.0 |
               +--------+--------+--------+--------+--------+-----+--------+

Top non-repeatable levels by time:
  Lair:5: 2387 daAuts
     D:4: 1930 daAuts
     D:7: 1842 daAuts
Spider:4: 1700 daAuts
     D:9: 1645 daAuts
  Lair:3: 1572 daAuts
Spider:3: 1548 daAuts
 Swamp:4: 1548 daAuts
  Lair:4: 1522 daAuts
     D:5: 1519 daAuts
     D:8: 1467 daAuts
    D:11: 1422 daAuts
  Lair:1: 1378 daAuts
     D:3: 1332 daAuts
Spider:1: 1315 daAuts
